 Dungeon Crawl Stone Soup version 0.18.1-5-g4a78601 (webtiles) character file.

97 RepoMan the Grasshopper (level 4, -2/37 HPs)
             Began as a Ghoul Warper on May 12, 2016.
             Killed from afar by an orc wizard (10 damage)
             ... with a magic dart
             ... on level 3 of the Dungeon.
             The game lasted 00:15:49 (1914 turns).

RepoMan the Grasshopper (Ghoul Warper)              Turns: 1914, Time: 00:15:50

Health: -2/37      AC:  7    Str: 14    XL:     4   Next: 68%
Magic:  7/7        EV: 11    Int: 11    God:
Gold:   128        SH:  0    Dex: 11    Spells: 2 memorised, 5 levels left

rFire  + . .     SeeInvis .     a - +1 falchion
rCold  + + .     Gourm    .     w - +0 ring mail (curse)
rNeg   + + +     Faith    .     (no shield)
rPois  ∞         Spirit   .     (no helmet)
rElec  +         Dismiss  .     (no cloak)
rCorr  +         Reflect  .     (no gloves)
SustAt .         Harm     .     k - +1 pair of boots
MR     .....                    (no amulet)
Stlth  +.........               z - +3 ring of dexterity
                                m - +2 ring of intelligence

@: resistant, very slightly contaminated, rotting, not resistant to hostile
enchantments, very unstealthy
A: rotting body, claws 1, carnivore 3, cold resistance 1, negative energy
resistance 3, slow regeneration 1, torment resistance, unbreathing
a: no special abilities


You were on level 3 of the Dungeon.
You were not hungry.

You visited 1 branch of the dungeon, and saw 3 of its levels.

You collected 128 gold pieces.

Inventory:

Hand Weapons
 a - a +1 falchion (weapon)
Missiles
 e - 5 tomahawks of dispersal
 j - 17 poisoned needles
 v - 5 javelins of returning (quivered)
Armour
 k - a +1 pair of boots (worn)
 w - a cursed +0 ring mail (worn)
Jewellery
 b - an uncursed ring of protection from fire {unknown}
 m - a +2 ring of intelligence (left claw)
 n - an uncursed ring of ice
 z - a +3 ring of dexterity (right claw)
Scrolls
 d - a scroll of blinking
 g - a scroll of enchant armour
 s - a scroll of remove curse
Potions
 h - a potion of haste {unknown}
 i - a potion of invisibility
 l - a potion of flight {unknown}
 t - a potion of curing {unknown}
Books
 c - a book of Spatial Translocations

   Spells                             Type                      Level
   a - Apportation                    Translocation                1
   b - Blink                          Translocation                2
   c - Shroud of Golubria             Charms/Translocation         2
   d - Portal Projectile              Translocation                3
   e - Teleport Other                 Translocation                3
   f - Passage of Golubria            Translocation                4
Comestibles
 f - a meat ration
 o - 6 chunks of flesh
 x - a royal jelly


   Skills:
 + Level 2.3 Fighting
 * Level 2.7 Long Blades
 - Level 0.8 Throwing
 + Level 1.7 Armour
 + Level 1.9 Dodging
 * Level 2.6 Spellcasting
 - Level 3.0 Translocations


You had 5 spell levels left.
You knew the following spells:

 Your Spells              Type           Power        Failure   Level  Hunger
a - Apportation           Tloc           #.........   17%         1    ##.....
b - Blink                 Tloc           N/A          24%         2    ###....


Dungeon Overview and Level Annotations

Branches:
Dungeon (3/15)

Altars:
Xom


Innate Abilities, Weirdness & Mutations

Your body is rotting away.
You thrive on raw meat.
You are immune to poison.
You have sharp fingernails.
You are carnivorous and can eat meat at any time.
Your flesh is cold resistant.
You are immune to negative energy.
You regenerate slowly when monsters are visible.
You are immune to unholy pain and torment.
You can survive without breathing.


Message History

The orc wizard hits you but does no damage.
You bump into the rock wall.
The orc hits you but does no damage. The orc wizard barely misses you.
You barely miss the orc wizard.
The orc wizard is lightly wounded.
The orc closely misses you.
The orc wizard hits you but does no damage.
You bump into the rock wall.
You feel less confused. The orc barely misses you.
The orc wizard points at you and mumbles some strange words.
The puff of flame hits you!
* * * LOW HITPOINT WARNING * * *
Drink which item? (? for menu, Esc to quit)
It was a potion of resistance.
You feel protected. The orc barely misses you.
The orc wizard points at you and mumbles some strange words.
The magic dart hits you!
You die...

#.#.......##.###.#......##...
#....................).......
#######.#.########.#..#######
#............#..#
###.##########..# #.# #.)#
######.## #..#
#.......#########.<#
+......oo@.....##.##
#.....#.o#####.##.#
#.....##.# #.# #..... #.# #.#
....... ... #.# ....... ...#
#.# .... ....# #+# .....


You could see an orc wizard and 2 orcs.

Vanquished Creatures
  An orc wizard (D:3)
  3 adders (D:2)
  A worm (D:2)
  A dart slug (D:2)
  A giant gecko (D:1)
  An orc (D:3)
  2 giant cockroaches
  5 goblins
  7 hobgoblins
  7 bats
  5 kobolds
  7 rats
41 creatures vanquished.

Notes
Turn   | Place    | Note
--------------------------------------------------------------
     0 | D:1      | RepoMan the Ghoul Warper began the quest for the Orb.
     0 | D:1      | Reached XP level 1. HP: 17/17 MP: 2/2
   205 | D:1      | Reached skill level 1 in Armour
   289 | D:1      | Reached XP level 2. HP: 21/24 MP: 3/3
   573 | D:1      | Learned a level 2 spell: Blink
   762 | D:2      | Reached XP level 3. HP: 17/29 MP: 5/5
   774 | D:2      | Found a shimmering altar of Xom.
  1495 | D:2      | Reached XP level 4. HP: 34/36 MP: 6/6
  1567 | D:2      | Reached skill level 3 in Translocations
  1914 | D:3      | Killed from afar by an orc wizard

Skill      XL: |  1  2  3  4 |
---------------+-------------+-----
Long Blades    | 2 |  2.7
Armour         | 1 |  1.7
Spellcasting   | 2 |  2.6
Translocations | 3 |  3.0
Fighting       | |  2.3
Throwing       | |  0.8
Dodging        | |  1.9

Action                   |  1- 3 |  4- 6 || total
-------------------------+-------+-------++-------
Melee: Falchion          |   147 |    49 ||   196
Throw: Javelin           |       |     4 ||     4
 Cast: Apportation       |     3 |     1 ||     4
  Use: Scroll            |       |     8 ||     8
       Potion            |       |     2 ||     2
 Stab: Invisible         |       |     2 ||     2
  Eat: Chunk             |    22 |     3 ||    25
Armor: Leather armour    |    21 |       ||    21
       Robe              |    16 |     3 ||    19
       Ring mail         |       |    15 ||    15
Dodge: Dodged            |    91 |    30 ||   121
